 Dungeon Crawl Stone Soup version 0.28.0-53-g5a82cb258f (webtiles) character file.

Game seed: 8391519445617177973

72 firemarshallily the Chopper (level 4, -2/33 HPs)
             Began as an Octopode Berserker on June 21, 2022.
             Was a Follower of Trog.
             Slain by Grinder (9 damage)
             ... on level 3 of the Dungeon.
             The game lasted 00:03:49 (2208 turns).

firemarshallily the Chopper (Octopode Berserker)    Turns: 2208, Time: 00:03:50

Health: -2/33      AC:  1    Str: 18    XL:     4   Next: 25%
Magic:  4/4        EV: 13    Int:  9    God:    Trog [*.....]
Gold:   104        SH:  0    Dex: 11    Spells: 3/3 levels left

rFire   . . .      SeeInvis .   a - +2 hand axe
rCold   . . .      Faith    .   (no shield)
rNeg    . . .      Spirit   .   (helmet restricted)
rPois   .          Reflect  .   (no amulet)
rElec   .          Harm     .   (no ring)
rCorr   .          Rampage  .   (no ring)
Will    .....                   (no ring)
Stlth   ++........              (no ring)
HPRegen 0.11/turn               (no ring)
MPRegen 0.09/turn               (no ring)
                                (no ring)
                                (no ring)

@: no status effects
A: almost no armour, amphibious, 8 rings, camouflage 1, gelatinous body 1,
(nimble swimmer 1), tentacles
a: Renounce Religion, Berserk


You were on level 3 of the Dungeon.
You worshipped Trog.
Trog was aware of your devotion.
You visited 1 branch of the dungeon, and saw 3 of its levels.

You collected 104 gold pieces.

Inventory:

Hand Weapons
 a - a +2 hand axe (weapon)
Missiles
 d - 69 stones (quivered)
Wands
 g - a wand of iceblast (12)
 j - a wand of paralysis (7)
Scrolls
 f - 2 scrolls of teleportation
Potions
 c - a potion of cancellation
 e - 2 potions of lignification
 h - a potion of curing {unknown}
 i - a potion of haste {unknown}


   Skills:
 * Level 3.8 Fighting
 * Level 3.9 Axes
 + Level 3.4 Dodging


You had 3 spell levels left.
You didn't know any spells.
Your spell library was empty.

Dungeon Overview and Level Annotations

Branches:
Dungeon (3/15)

Altars:

Annotations:
D:3 Grinder


Innate Abilities, Weirdness & Mutations

You cannot wear most types of armour.
You are amphibious.
You can wear up to eight rings at the same time.
Your skin changes colour to match your surroundings (Stealth+).
Your rubbery body absorbs attacks. (AC +1, EV +1)
((You are camouflaged when in or above water. (Stealth+)))
You have tentacles for arms and can constrict up to eight enemies at once.


Message History

You kill the hobgoblin!
Trog accepts your kill.
You see here a hobgoblin corpse.
As you read the scroll of identify, it crumbles to dust.
e - 2 potions of lignification
As you read the scroll of identify, it crumbles to dust.
c - a potion of cancellation HP restored.
A goblin comes into view. It is wielding a +0 club.
The goblin shouts!
You barely miss the goblin. Your grab misses the goblin.
The goblin hits you but does no damage.
You slash the goblin!
You kill the goblin!
Trog accepts your kill.
Grinder comes into view.
Grinder shouts!
Grinder says, "Don't move a muscle."
Grinder blinks!
Things that are here:
a +0 club; a +0 hunting sling Grinder gestures at you.
Pain shoots through your body!
You hit Grinder. You grab Grinder.
Grinder is lightly wounded.
You constrict Grinder. Grinder misses you.
You hit Grinder but do no damage.
Grinder is moderately wounded.
You constrict Grinder, but do no damage.
Grinder hits you!
You writhe in agony.
You hit Grinder.
Grinder is heavily wounded.
You constrict Grinder. Grinder hits you!
* * * LOW HITPOINT WARNING * * *
You writhe in agony.
* * * LOW HITPOINT WARNING * * *
You hit Grinder but do no damage. You tentacle-slap Grinder.
Grinder is heavily wounded.
You constrict Grinder. Grinder hits you!
You die...

. ..# ## #. #.# ..
## .##.# .# # ...
...# .# .## .##.#
#..# .# ....
.....###..# .#...#
.........####.....##
#........).@5......
#.##.#.########.##.
#......# ####.###
#...# ) #†..# .≈
#...# .≈. #...#
.≈.#####...######


You could see Grinder.

Vanquished Creatures
  Jessica (D:2)
  An adder (D:2)
  A worm (D:2)
  3 bats (D:1)
  4 endoplasms
  A giant cockroach (D:2)
  5 goblins
  4 hobgoblins
  3 jackals (D:3)
  A ball python (D:1)
  A frilled lizard (D:2)
  3 kobolds (D:1)
  3 rats
31 creatures vanquished.

Notes
Turn   | Place    | Note
-------+----------+-------------------------------------------
     0 | D:1      | firemarshallily the Octopode Berserker began the quest for
                  | the Orb.
     0 | D:1      | Reached XP level 1. HP: 16/16 MP: 1/1
   305 | D:1      | Found a faded altar of an unknown god.
   518 | D:1      | Reached XP level 2. HP: 21/21 MP: 2/2
  1034 | D:2      | Noticed Jessica
  1215 | D:2      | Killed Jessica
  1216 | D:2      | Reached XP level 3. HP: 13/26 MP: 3/3
  1680 | D:2      | Reached XP level 4. HP: 26/33 MP: 4/4
  2201 | D:3      | Noticed Grinder
  2208 | D:3      | Slain by Grinder

Illustrated notes

Levels and vault maps discovered:
D:1:      dpeg_arrival_tiny_a, layout_basic, ebering_ecumenical_altar_hall
D:2:      layout_rooms, kennysheep_generic_room_10, uniq_jessica
D:3:      layout_loops_cross, nicolae_overflow_squiral, uniq_grinder

Action                   |  1- 3 |  4- 6 || total
-------------------------+-------+-------++-------
Melee: Hand axe          |    53 |    18 ||    71
       Constrict         |    10 |     6 ||    16
       Tentacles         |    11 |     1 ||    12
       Punch             |       |     1 ||     1
  Use: Scroll            |     2 |     5 ||     7
 Stab: Sleeping          |     5 |     1 ||     6
Armor: Skin              |     4 |     1 ||     5
Dodge: Dodged            |    32 |     8 ||    40
